AoeStats
← mexgags

Black Forest

509919577Analyzed
2v2 RM · 3d ago on Sep 28, 2026· 84m 59s· 4 players
Game mode
Random Map
Map size
Medium (4 player)
Population
200
Speed
Normal
Resources
Standard
Victory
Conquest
Starting age
Dark Age
Ending age
Imperial Age
RankedLock teamsTeams togetherTeam positionsShared explorationLock speedFull tech treeHidden civsTurbo modeCheats
Victory
Defeat
🇩🇪 Khmer · Germany
699
+16
🇩🇪 Huns · Germany
699
+16
🇷🇺 Vietnamese · Russia
708
-16
🇷🇺 Persians · Russia
707
-16
mexgags
0:38 Loom
12:01 Feudal Age
13:57 Wheelbarrow
13:12 Double-Bit Axe
13:08 Horse Collar
19:05 Castle Age
17:23 Stone Mining
17:42 Gold Mining
20:51 Bow Saw
20:43 Heavy Plow
21:57 Hand Cart
26:08 Town Watch
26:37 Forging
30:51 Stone Shaft Mining
30:51 Gold Shaft Mining
32:18 Scale Barding Armor
32:15 Padded Archer Armor
32:05 Fletching
35:17 Imperial Age
33:13 Caravan
34:29 Ballistics
34:50 Town Patrol
35:12 Husbandry
35:22 Bloodlines
34:32 Light Cavalry
36:23 Elite Ballista Elephant
38:25 Double Crossbow
38:46 Conscription
39:29 Iron Casting
41:33 Chemistry
40:38 Siege Engineers
41:38 Blast Furnace
41:00 Chain Barding Armor
45:38 Plate Barding Armor
45:59 Hussar
47:14 Bodkin Arrow
Heinrich Hungrig
0:55 Loom
13:01 Feudal Age
14:34 Double-Bit Axe
14:33 Horse Collar
19:02 Castle Age
21:59 Heavy Plow
24:35 Bow Saw
25:32 Gold Mining
25:42 Stone Mining
27:20 Gold Shaft Mining
28:34 Caravan
29:39 Wheelbarrow
29:42 Town Watch
30:25 Padded Archer Armor
30:16 Fletching
30:35 Scale Barding Armor
30:33 Marauders
31:23 Hand Cart
31:12 Padded Archer Armor
31:02 Fletching
31:25 Forging
35:19 Imperial Age
33:32 Leather Archer Armor
33:40 Chain Barding Armor
34:40 Leather Archer Armor
34:21 Bodkin Arrow
35:02 Iron Casting
37:09 Two-Man Saw
36:03 Elite Tarkan
37:34 Ballistics
38:15 Chemistry
37:44 Husbandry
37:55 Bloodlines
38:36 Bracer
39:25 Plate Barding Armor
41:38 Blast Furnace
41:17 Atheism
41:19 Conscription
40:43 Heavy Cavalry Archer
41:37 Thumb Ring
41:50 Town Patrol
42:40 Parthian Tactics
43:42 Town Patrol
Ganz
0:29 Loom
13:00 Feudal Age
14:15 Double-Bit Axe
14:14 Horse Collar
18:17 Wheelbarrow
21:18 Castle Age
19:24 Gold Mining
19:27 Stone Mining
20:50 Fletching
21:44 Arson
21:24 Pikeman
22:26 Hand Cart
22:48 Bow Saw
22:42 Heavy Plow
23:39 Town Watch
29:46 Stone Shaft Mining
30:16 Bodkin Arrow
35:32 Imperial Age
33:56 Forging
33:51 Scale Mail Armor
34:16 Padded Archer Armor
35:19 Ballistics
34:52 Heated Shot
35:12 Thumb Ring
35:04 Elite Skirmisher
35:07 Crossbowman
36:56 Paper Money
36:18 Capped Ram
37:42 Imperial Skirmisher
38:35 Bracer
39:59 Iron Casting
39:41 Leather Archer Armor
39:32 Treadmill Crane
40:46 Chain Mail Armor
42:00 Two-Man Saw
41:35 Crop Rotation
41:14 Caravan
41:59 Hoardings
40:56 Sappers
42:46 Chemistry
42:40 Squires
44:51 Ring Archer Armor
44:52 Plate Mail Armor
44:45 Bombard Tower
44:39 Masonry
44:40 Fortified Wall
44:27 Murder Holes
45:12 Elite Fire Lancer
46:59 Onager
47:22 Elite Rattan Archer
49:14 Man-at-Arms
50:15 Siege Engineers
56:59 Halberdier
68:30 Scale Barding Armor
asl_amsterdam
0:29 Loom
15:24 Feudal Age
20:07 Castle Age
21:25 Wheelbarrow
20:37 Town Watch
21:50 Double-Bit Axe
23:32 Horse Collar
24:07 Stone Mining
24:44 Gold Mining
26:41 Husbandry
27:46 Arson
27:23 Pikeman
30:57 Stone Shaft Mining
31:06 Heavy Plow
34:18 Imperial Age
33:01 Hand Cart
33:16 Town Patrol
34:47 Bow Saw
35:41 Gold Shaft Mining
35:36 Cavalier
36:28 Bloodlines
35:39 Light Cavalry
37:08 Ballistics
37:00 Masonry
37:16 Conscription
36:44 Capped Ram
38:59 Chemistry
39:27 Siege Ram
40:43 Crop Rotation
40:02 Savar
40:42 Sappers
40:45 Hussar
41:35 Squires
42:46 Two-Man Saw
42:49 Architecture
42:10 Heated Shot
42:25 Murder Holes
42:34 Scale Mail Armor
42:40 Padded Archer Armor
42:56 Scale Barding Armor
42:59 Halberdier
44:15 Leather Archer Armor
43:52 Fletching
44:13 Forging
44:19 Chain Mail Armor
44:12 Caravan
46:40 Hoardings
47:26 Kamandaran
51:12 Chain Barding Armor
51:37 Iron Casting
52:03 Bodkin Arrow
55:23 Onager
56:32 Gambesons
57:21 Plate Mail Armor
61:45 Plate Barding Armor
Connection lost

Rejoining the realm…

Still unreachable

The connection could not be restored.

Session expired

The server has moved on; the page needs a fresh start.